 Dungeon Crawl Stone Soup version 0.29-a0-384-g6960b1960d (webtiles) character file.

Game seed: 12243256626787940882

12358 zeratav the Fey Hill Orc (level 11, -9/94 HPs)
             Began as a Hill Orc Fighter on May 6, 2022.
             Was a Follower of Yredelemnul.
             Mangled by a 16-headed hydra (11 damage)
             ... on level 11 of the Dungeon.
             The game lasted 00:41:48 (16520 turns).

zeratav the Fey Hill Orc (Hill Orc Fighter)        Turns: 16520, Time: 00:41:49

Health: -9/94      AC: 38    Str: 24    XL:     11   Next: 92%
Magic:  22/22      EV:  3    Int:  3    God:    Yredelemnul [*.....]
Gold:   1088       SH: 11    Dex: 16    Spells: 10/10 levels left

rFire   + . .      SeeInvis .   a - +0 war axe {axe}
rCold   + . .      Faith    +   y - +0 kite shield
rNeg    . . .      Spirit   .   h - +11 gold dragon scales of the Big Bang {rElec rPois rF+ rC+ Will+ Int-5, rare}
rPois   +          Reflect  .   E - +1 helmet
rElec   +          Harm     .   C - +2 cloak {Stlth+}
rCorr   +          Rampage  .   Z - +0 pair of gloves
Will    +....                   W - +1 pair of boots of Loowouhyu {Str+2 Int-2 Dex+6}
Stlth   ..........              i - amulet of faith {!P}
HPRegen 0.25/turn               m - ring of poison resistance
MPRegen 0.18/turn               U - ring of resist corrosion

@: no status effects
A: no striking features
a: Renounce Religion, Recall Undead Harvest


You were on level 11 of the Dungeon.
You worshipped Yredelemnul.
Yredelemnul was pleased with you.
You visited 2 branches of the dungeon, and saw 12 of its levels.
You also visited: Bailey.

You collected 1952 gold pieces.
You spent 864 gold pieces at shops.


   Skills:
 - Level 8.0 Fighting
 + Level 10.8 Axes
 - Level 10.0 Armour
 - Level 8.0 Shields
 - Level 15.0 Invocations


You had 10 spell levels left.
You didn't know any spells.
Your spell library contained the following spells:

 Spells                   Type           Power      Damage    Failure   Level
 Magic Dart               Conj           0%         1d3       100%        1
 Searing Ray              Conj           0%         2d4       100%        2
 Conjure Flame            Conj/Fire      0%         6-21      100%        3
 Ignite Poison            Fire/Tmut/Pois 0%         N/A       100%        3
 Stone Arrow              Conj/Erth      0%         3d7       100%        3
 Airstrike                Air            0%         N/A       100%        4
 Animate Armour           Summ/Erth      0%         N/A       100%        4
 Fulminant Prism          Conj/Hex       0%         3d6       100%        4
 Sticky Flame             Conj/Fire      0%         2d3       100%        4
 Summon Lightning Spire   Summ/Air       0%         N/A       100%        4
 Lightning Bolt           Conj/Air       0%         1d11      100%        5
 Summon Forest            Summ/Tloc      0%         N/A       100%        5
 Summon Mana Viper        Hex/Summ       0%         N/A       100%        5
 Summon Cactus Giant      Summ           0%         N/A       100%        6
 Lehudib's Crystal Spear  Conj/Erth      0%         10d2      100%        8

Inventory:

Hand Weapons
 a - a +0 war axe (weapon) {axe}
 S - a +3 flail {mace}
   (You took it off a gnoll on level 10 of the Dungeon)
Armour
 h - the +11 gold dragon scales of the Big Bang (worn) {rElec rPois rF+ rC+ Will+ Int-5, rare}
   (You acquired it on level 4 of the Dungeon)

   Int:       It affects your intelligence (-5).
   rF:        It protects you from fire.
   rC:        It protects you from cold.
   rElec:     It insulates you from electricity.
   rPois:     It protects you from poison.
   Will:      It increases your willpower.
 y - a +0 kite shield (worn)
   (You took it off a gnoll sergeant on level 11 of the Dungeon)
 C - a +2 cloak of stealth (worn)
   (You bought it in a shop on level 1 of the Dungeon)
 E - a +1 helmet (worn)
   (You bought it in a shop on level 1 of the Dungeon)
 W - the +1 pair of boots of Loowouhyu (worn) {Str+2 Int-2 Dex+6}
   (You found it on level 10 of the Dungeon)

   Str:       It affects your strength (+2).
   Int:       It affects your intelligence (-2).
   Dex:       It affects your dexterity (+6).
 Z - a +0 pair of gloves (worn)
   (You found it on level 11 of the Dungeon)
Jewellery
 i - an amulet of faith (around neck) {!P}
   (You bought it in a shop on level 1 of the Dungeon)
 l - a ring of protection from cold
   (You found it on level 11 of the Dungeon)
 m - a ring of poison resistance (left hand)
   (You found it on level 2 of the Dungeon)
 z - a +6 ring of dexterity
   (You found it on level 6 of the Dungeon)
 T - an amulet of the acrobat
   (You found it on level 4 of the Dungeon)
 U - a ring of resist corrosion (right hand)
   (You found it on level 4 of the Dungeon)
Wands
 k - a wand of polymorph (7)
   (You found it on level 7 of the Dungeon)
 q - a wand of charming (14)
   (You found it on level 8 of the Dungeon)
 s - a wand of acid (3)
   (You found it on level 9 of the Dungeon)
 x - a wand of flame (31)
   (You took it off Edmund on level 5 of the Dungeon)
 N - a wand of iceblast (10)
   (You found it on level 5 of the Dungeon)
Scrolls
 d - a scroll of magic mapping {unknown}
 f - 2 scrolls of enchant armour
 j - 3 scrolls of vulnerability {!r!r}
 u - a scroll of identify {@r1}
 A - 3 scrolls of silence {!r}
 D - a scroll of fear
 G - 2 scrolls of immolation {unknown}
 I - 5 scrolls of teleportation {@r4}
 K - 2 scrolls of torment {unknown}
 V - 4 scrolls of blinking {unknown}
Potions
 b - a potion of resistance
 e - 2 potions of degeneration {unknown}
 g - 2 potions of flight {unknown}
 n - a potion of lignification {unknown}
 o - 2 potions of heal wounds {unknown}
 p - a potion of attraction {unknown}
 r - 3 potions of curing {unknown}
 t - 2 potions of mutation {unknown}
 F - 2 potions of ambrosia {unknown}
 H - a potion of brilliance
 J - a potion of might
 O - 3 potions of magic {unknown}
 P - 4 potions of haste {unknown}
 R - 7 potions of invisibility {unknown}

Dungeon Overview and Level Annotations

Branches:
Dungeon (11/15)            Temple (1/1) D:4            Lair (0/6) D:9
 Bailey (visited)
    Orc: D:9-12

Altars:
Ashenzari
Cheibriados
Dithmenos
Elyvilon
Fedhas
Gozag
Hepliaklqana
Kikubaaqudgha
Makhleb
Nemelex Xobeh
Okawaru
Qazlal
Ru
Sif Muna
Trog
Uskayaw
Vehumet
Wu Jian
Xom
Yredelemnul
Zin
The Shining One

Shops:
D:1 =[   D:7 =

Annotations:
D:7 1 transporter
D:9 Amaemon
D:11 exclusion: orange crystal statue

#.. ##. #######.##..
#..[....... .##
......... ..##
....... ###...(
##...## ##.....#
##.....## #..#.#.#
#.......######.##.#.#
#...@..........##.#.#
#...DZ..#####........
##............###.#..
#.......######.......
#.......# #.Z.....
#.......# #...)...
##.....## #.......
##...## #......Z
#.......


You could see a 16-headed hydra (ally target) and a friendly two-headed ogre
zombie.


Message History

The 11-headed hydra bites you!
* * * LOW HITPOINT WARNING * * *
The 11-headed hydra bites you but does no damage. x2
HP[-10]
You take 10 damage, and now have 42/94 hp.
You slice one of the 11-headed hydra's heads off!
The ten-headed hydra grows two more!
You slash the 12-headed hydra!
You block the 12-headed hydra's attack. x3
The 12-headed hydra bites you but does no damage. x6
You block the 12-headed hydra's attack.
The 12-headed hydra bites you but does no damage. x2
HP[+1]
You chop one of the 12-headed hydra's heads off!
The 11-headed hydra grows two more!
You slash the 13-headed hydra!
The 13-headed hydra bites you but does no damage. x2
You block the 13-headed hydra's attack.
The 13-headed hydra bites you but does no damage. x2
The 13-headed hydra bites you.
* * * LOW HITPOINT WARNING * * *
The 13-headed hydra bites you.
* * * LOW HITPOINT WARNING * * *
The 13-headed hydra bites you but does no damage. x3
The 13-headed hydra bites you.
* * * LOW HITPOINT WARNING * * *
You block the 13-headed hydra's attack.
The 13-headed hydra bites you but does no damage.
Your two-headed ogre zombie hits the 13-headed hydra.
Your two-headed ogre zombie barely misses the 13-headed hydra.
Your manticore zombie bites the 13-headed hydra!
Your manticore zombie claws the 13-headed hydra!
Your manticore zombie claws the 13-headed hydra.
The 13-headed hydra bites your manticore zombie!
The 13-headed hydra bites your manticore zombie. x2
The 13-headed hydra bites your manticore zombie!
The 13-headed hydra bites your manticore zombie. x2
The 13-headed hydra bites your manticore zombie! x3
The 13-headed hydra completely misses your manticore zombie.
The 13-headed hydra bites your manticore zombie!
Your manticore zombie is destroyed!
The 13-headed hydra barely misses your two-headed ogre zombie.
The 13-headed hydra bites your two-headed ogre zombie.
The 13-headed hydra roars!
You can no longer trade souls for undead servants.
HP[-7]
You take 7 damage, and now have 36/94 hp.
You lop one of the 13-headed hydra's heads off!
The 12-headed hydra grows two more!
You slash the 14-headed hydra! You block the 14-headed hydra's attack.
The 14-headed hydra bites you but does no damage. x2
You block the 14-headed hydra's attack. The 14-headed hydra barely misses you.
The 14-headed hydra bites you but does no damage. x2
The 14-headed hydra completely misses you.
The 14-headed hydra barely misses you.
The 14-headed hydra bites you but does no damage.
You block the 14-headed hydra's attack.
The 14-headed hydra bites you but does no damage.
The 14-headed hydra bites you!
* * * LOW HITPOINT WARNING * * *
The 14-headed hydra bites you!
* * * LOW HITPOINT WARNING * * *
Your two-headed ogre zombie hits the 14-headed hydra!
Your two-headed ogre zombie hits the 14-headed hydra.
HP[-19]
You take 19 damage, and now have 17/94 hp.
MASSIVE DAMAGE!! (PAUSE)
You hack one of the 14-headed hydra's heads off!
The 13-headed hydra grows two more!
You slash the 15-headed hydra! You block the 15-headed hydra's attack.
The 15-headed hydra bites you.
* * * LOW HITPOINT WARNING * * *
The 15-headed hydra bites you but does no damage. x3
You block the 15-headed hydra's attack. x2
The 15-headed hydra bites you but does no damage. x3
The 15-headed hydra barely misses you.
The 15-headed hydra bites you but does no damage.
The 15-headed hydra bites you!
* * * LOW HITPOINT WARNING * * *
The 15-headed hydra bites you but does no damage. x2
HP[-13]
You take 13 damage, and now have 4/94 hp.
Unknown command.
You barely miss the 15-headed hydra. The 15-headed hydra barely misses you.
You block the 15-headed hydra's attack.
The 15-headed hydra bites you but does no damage. x2
You block the 15-headed hydra's attack.
The 15-headed hydra bites you but does no damage.
The 15-headed hydra bites you.
* * * LOW HITPOINT WARNING * * *
The 15-headed hydra bites you but does no damage. x2
You block the 15-headed hydra's attack.
The 15-headed hydra bites you but does no damage. x5
Your two-headed ogre zombie hits the 15-headed hydra.
Your two-headed ogre zombie barely misses the 15-headed hydra.
HP[-2]
You take 2 damage, and now have 2/94 hp.
You chop one of the 15-headed hydra's heads off!
The 14-headed hydra grows two more!
You slash the 16-headed hydra!
The 16-headed hydra bites you but does no damage. x2
The 16-headed hydra bites you!
You die...
Your body rises from the dead as a mindless zombie.

Skill      XL: |  1  2  3  4  5  6  7  8  9 10 11 |
---------------+----------------------------------+-----
Fighting       | 4 5 6 7 8 |  8.0
Axes           | 5 8 10 | 10.8
Armour         | 5 8 10 | 10.0
Shields        | 5 8 |  8.0
Invocations    | 10 15 | 15.0

Action                   |  1- 3 |  4- 6 |  7- 9 | 10-12 || total
-------------------------+-------+-------+-------+-------++-------
Melee: War axe           |   113 |   135 |   338 |   676 ||  1262
Invok: Recall Undead Har |       |       |     1 |     1 ||     2
       Dark Bargain      |       |       |     1 |       ||     1
       Drain Life        |       |       |       |     1 ||     1
Evoke: Wand              |       |       |       |     1 ||     1
  Use: Potion            |       |     1 |       |       ||     1
       Scroll            |       |       |     7 |    10 ||    17
 Stab: Distracted        |       |       |     1 |     6 ||     7
Armor: Scale mail        |    58 |    60 |    37 |       ||   155
       Gold dragon scale |       |       |   293 |   962 ||  1255
Dodge: Dodged            |    53 |    56 |    72 |   216 ||   397
Block: Buckler           |    33 |    31 |    78 |   229 ||   371
       Kite shield       |       |       |       |    63 ||    63

Levels and vault maps discovered:
D:1:      dpeg_arrival_ternary, layout_loops_ring, serial_shops, shop,
          nicolae_shop_temple_entry_statues_fountains
D:2:      minmay_wonky_spiral, layout_basic,
          shapermc_ecumenical_altar_mp_vishouse, uniq_jessica, uniq_robin
D:3:      layout_basic, nicolae_overflow_crystal_walls, fedhas_altar_fruit_tree,
          general_overflow_altar, nicolae_figureground_pulse
D:4:      layout_gridville, trog_butcher_becter, minmay_temple_entry_nine_rooms,
          serial_undead, serial_undead_f, serial_undead_c, serial_undead_a,
          serial_undead_e
D:5:      layout_cave_pods, gammafunk_temple_overflow_arena, minmay_liquid_box,
          uniq_blork_the_orc, uniq_edmund
D:6:      layout_gridville, minivault_23, chequers_serial_rivers_small_a,
          uniq_eustachio, uniq_pikel, uniq_duvessa
D:7:      gammafunk_cloud_chamber, layout_basic, serial_shops,
          kennysheep_little_box
D:8:      layout_rooms, marbit_many_paths, enter_bailey_5, uniq_maurice
D:9:      layout_irregular_city, nicolae_qazlal_scattered_showers,
          lemuel_crystal_altar, grunt_lair_entry_orc_guard_hut,
          hangedman_decor_growths, uniq_prince_ribbit1, uniq_amaemon
D:10:     layout_cave_pools, nicolae_hepliaklqana_monster_ancestors
D:11:     layout_rooms, minmay_protected_statue
Temple:   oiseaux_autumnal_temple

Notes
Turn   | Place    | Note
-------+----------+-------------------------------------------
     0 | D:1      | zeratav the Hill Orc Fighter began the quest for the Orb.
     0 | D:1      | Reached XP level 1. HP: 19/19 MP: 1/1
     0 | D:1      | magus.rc [v1.9.6]
    66 | D:1      | Reached skill level 4 in Fighting
   222 | D:1      | Reached XP level 2. HP: 27/27 MP: 2/2
   567 | D:1      | Found Lilulog's Antique Armour Shop.
   665 | D:1      | Reached skill level 5 in Fighting
   665 | D:1      | Reached XP level 3. HP: 36/36 MP: 3/3
   707 | D:1      | You add the spells Conjure Flame, Ignite Poison and Sticky
                  | Flame to your library.
   774 | D:1      | Found Netonn Veal's Jewellery Shoppe.
  1500 | D:2      | Noticed Robin
  1505 | D:2      | Reached XP level 4. HP: 33/44 MP: 4/4
  1511 | D:2      | Killed Robin
  1512 | D:2      | Reached skill level 6 in Fighting
  1826 | D:2      | Found a faded altar of an unknown god.
  1839 | D:2      | Noticed Jessica
  1840 | D:2      | Killed Jessica
  2121 | D:2      | Reached XP level 5. HP: 45/51 MP: 5/5
  2517 | D:3      | Found an iron altar of Okawaru.
  2770 | D:3      | Found a radiant altar of Vehumet.
  2879 | D:3      | Reached skill level 7 in Fighting
  3086 | D:3      | Found a blossoming altar of Fedhas.
  3200 | D:3      | You fall into a shaft and drop 3 floors!
  3200 | D:6      | Noticed a kobold brigand
  3214 | D:6      | Killed a kobold brigand
  3215 | D:6      | Reached XP level 6. HP: 30/61 MP: 6/6
  3402 | D:6      | HP: 14/61 [ogre/+0 giant club (23)]
  3404 | D:6      | Reached skill level 8 in Fighting
  3404 | D:6      | Reached skill level 4 in Axes
  3662 | D:5      | Entered Level 5 of the Dungeon
  3721 | D:5      | You pick up a book of the Wilderness and begin reading...
  3721 | D:5      | You add the spells Summon Forest, Summon Mana Viper and
                  | Summon Cactus Giant to your library.
  3732 | D:5      | Reached skill level 5 in Axes
  3734 | D:5      | Reached XP level 7. HP: 46/68 MP: 7/7
  3974 | D:4      | Reached skill level 6 in Axes
  4031 | D:4      | Found a bloodstained altar of Trog.
  4283 | D:4      | Reached skill level 7 in Axes
  4680 | D:4      | Found a staircase to the Ecumenical Temple.
  4687 | Temple   | Entered the Ecumenical Temple
  5001 | Temple   | Became a worshipper of Yredelemnul the Dark
  5166 | D:4      | Reached skill level 8 in Axes
  5279 | D:4      | You pick up a book of Conjurations {@e2} and begin
                  | reading...
  5279 | D:4      | You add the spells Magic Dart, Searing Ray and Fulminant
                  | Prism to your library.
  5452 | D:4      | Identified a scroll of acquirement
  5452 | D:4      | Acquired the +11 gold dragon scales of the Big Bang {rElec
                  | rPois rF+ rC+ Will+ Int-5}
  5453 | D:4      | h - the +11 gold dragon scales of the Big Bang {rElec rPois
                  | rF+ rC+ Will+ Int-5, rare}
  5464 | D:4      | You finish putting on the +11 gold dragon scales of the Big
                  | Bang {rElec rPois rF+ rC+ Will+ Int-5, rare}.
  5553 | D:5      | Found a shimmering altar of Xom.
  5574 | D:5      | Reached XP level 8. HP: 74/74 MP: 8/8
  5604 | D:5      | Reached * piety under Yredelemnul
  5605 | D:5      | Reached skill level 9 in Axes
  5658 | D:5      | Noticed Edmund
  5672 | D:5      | Killed Edmund
  5673 | D:5      | Reached skill level 10 in Axes
  5844 | D:5      | Reached ** piety under Yredelemnul
  5845 | D:5      | Reached skill level 4 in Armour
  5845 | D:5      | Reached skill level 4 in Shields
  6044 | D:5      | Found a transporter.
  6051 | D:5      | Found a transporter.
  6107 | D:5      | Reached *** piety under Yredelemnul
  6265 | D:5      | Noticed Blork the orc
  6290 | D:5      | Reached skill level 5 in Armour
  6290 | D:5      | Reached skill level 5 in Shields
  6299 | D:5      | Killed Blork the orc
  6721 | D:5      | Reached XP level 9. HP: 81/81 MP: 9/9
  6988 | D:5      | Reached skill level 6 in Armour
  6988 | D:5      | Reached skill level 6 in Shields
  7249 | D:6      | Noticed Duvessa
  7249 | D:6      | Noticed Dowan
  7260 | D:6      | Killed Duvessa
  7265 | D:6      | Killed Dowan
  7306 | D:6      | Noticed Pikel
  7535 | D:6      | Noticed Eustachio
  7559 | D:6      | Killed Eustachio
  7560 | D:6      | Reached skill level 7 in Armour
  7560 | D:6      | Reached skill level 7 in Shields
  7579 | D:6      | Killed Pikel
  7940 | D:1      | Bought a glowing cloak for 172 gold pieces
  7940 | D:1      | Bought a glowing helmet for 172 gold pieces
  8106 | D:7      | Reached skill level 8 in Armour
  8106 | D:7      | Reached skill level 8 in Shields
  8313 | D:7      | Found a transporter.
  8393 | D:7      | Found a transporter.
  8464 | D:7      | Reached XP level 10. HP: 70/88 MP: 10/10
  8617 | D:7      | Reached skill level 9 in Armour
  9068 | D:7      | Found Dulonlodo's Jewellery Shoppe.
  9110 | D:7      | Reached skill level 10 in Armour
  9110 | D:7      | Reached skill level 1 in Invocations
  9119 | D:7      | Reached skill level 2 in Invocations
  9331 | D:7      | Reached skill level 3 in Invocations
  9589 | D:8      | Noticed a boulder beetle
  9646 | D:8      | HP: 20/88 [boulder beetle (19)]
  9647 | D:8      | Reached skill level 4 in Invocations
  9647 | D:8      | HP: 6/88 [boulder beetle (14)]
 10049 | D:8      | Found a flagged portal.
 10070 | Bailey   | Entered a bailey
 10164 | Bailey   | Reached skill level 5 in Invocations
 10348 | Bailey   | Reached skill level 6 in Invocations
 10796 | Bailey   | Reached skill level 7 in Invocations
 11179 | Bailey   | Noticed an orc warlord
 11284 | Bailey   | You pick up a book of Armaments and begin reading...
 11284 | Bailey   | You add the spells Stone Arrow, Animate Armour and
                  | Lehudib's Crystal Spear to your library.
 11459 | D:8      | Reached skill level 8 in Invocations
 11606 | D:8      | Reached skill level 9 in Invocations
 11778 | D:9      | Noticed Prince Ribbit
 11803 | D:9      | Killed Prince Ribbit
 11810 | D:9      | Reached skill level 10 in Invocations
 11812 | D:9      | Noticed Amaemon
 11812 | D:9      | Noticed an orange demon
 11999 | D:8      | Acquired 321 gold pieces
 12001 | D:8      | Acquired 822 gold pieces
 12264 | D:1      | Bought an amulet of faith for 520 gold pieces
 12484 | D:8      | HP: 21/88 [boulder beetle (12)]
 12486 | D:8      | HP: 6/88 [boulder beetle (16)]
 12848 | D:8      | Found a hide-covered altar of Uskayaw.
 12921 | D:8      | Noticed Maurice
 12922 | D:8      | Noticed Maurice
 12922 | D:8      | Maurice changed into Maurice the ogre
 12925 | D:8      | Killed Maurice the ogre
 12969 | D:9      | Found a staircase to the Lair.
 12985 | D:9      | Reached XP level 11. HP: 76/94 MP: 18/18
 13204 | D:9      | Reached skill level 11 in Invocations
 13580 | D:9      | Found a stormy altar of Qazlal.
 13643 | D:9      | Reached skill level 12 in Invocations
 13854 | D:9      | Found a shadowy altar of Dithmenos.
 13927 | D:10     | Entered Level 10 of the Dungeon
 14027 | D:10     | Noticed a manticore
 14034 | D:10     | Killed a manticore
 14233 | D:10     | Found a hazy altar of Hepliaklqana.
 14281 | D:10     | Reached skill level 13 in Invocations
 14289 | D:10     | Reached **** piety under Yredelemnul
 14291 | D:10     | Reached ***** piety under Yredelemnul
 14336 | D:10     | You pick up a book of Storms and begin reading...
 14336 | D:10     | You add the spells Airstrike, Summon Lightning Spire and
                  | Lightning Bolt to your library.
 14380 | D:10     | Identified the +1 pair of boots of Loowouhyu {Str+2 Int-2
                  | Dex+6}
 14647 | D:11     | Noticed a cyclops
 14657 | D:11     | Killed a cyclops
 14658 | D:11     | Reached skill level 14 in Invocations
 14827 | D:11     | Noticed an orange crystal statue
 14904 | D:11     | HP: 22/94 [slime creature[an orange crystal statue] (14)]
 15417 | D:11     | Noticed a manticore
 15425 | D:11     | HP: 17/94 [manticore (14)]
 15430 | D:11     | HP: 11/94 [manticore (7)]
 15447 | D:11     | HP: 9/94 [something (2)]
 16117 | D:11     | Noticed a two-headed ogre
 16133 | D:11     | Killed a manticore
 16134 | D:11     | Reached skill level 15 in Invocations
 16135 | D:11     | HP: 21/94 [two-headed ogre/+0 giant club (3)]
 16137 | D:11     | Killed a two-headed ogre
 16505 | D:11     | Noticed an eight-headed hydra
 16517 | D:11     | HP: 17/94 [14-headed hydra (10)]
 16518 | D:11     | HP: 4/94 [15-headed hydra (8)]
 16520 | D:11     | Mangled by a 16-headed hydra

Vanquished Creatures
  Pikel (D:6)
  A cyclops (D:11)
  2 manticores
  An unseen horror (D:11)
  An orange demon (D:9)
  4 trolls
  3 hornets
  Prince Ribbit (D:9)
  A wyvern (D:7)
  A shadow (D:10)
  3 yaks
  2 steam dragons
  2 wraiths
  A water moccasin (D:5)
  Duvessa (D:6)
  9 orc warriors
  A sky beast (D:4)
  3 black bears
  2 ice beasts
  3 ogres
  6 centaurs
  4 lemures (D:6)
  3 kobold brigands
  Blork the orc (D:5)
  3 bullfrogs
  3 gnoll sergeants
  2 necrophages
  A scorpion (D:9)
  Dowan (D:6)
  16 killer bees
  A howler monkey (D:9)
  3 orc priests
  3 hounds
  A gnoll shaman (D:7)
  Jessica (D:2)
  A bullfrog skeleton (D:4)
  3 iguanas
  7 orc wizards
  2 hound zombies (D:4)
  Robin (D:2)
  7 adders
  23 gnolls
  A shadow imp (D:7)
  A white imp (D:7)
  An ufetubus (D:5)
  3 dart slugs
  35 orcs
  10 endoplasms
  4 giant cockroaches
  29 goblins
  17 hobgoblins
  2 jackals (D:1)
  5 quokkas
  9 ball pythons
  5 bats
  4 frilled lizards
  A jackal skeleton (D:4)
  22 kobolds
  A quokka skeleton (D:4)
  4 rats
  A spectral orc (D:10)
291 creatures vanquished.

Vanquished Creatures (collateral kills)
  A two-headed ogre (D:11)
  A shadow (D:9)
  A wraith (D:10)
  Eustachio (D:6)
  2 yaks (D:10)
  Edmund (D:5)
  3 water moccasins
  2 orc warriors (Bailey)
  A black bear (D:9)
  2 centaurs
  A scorpion (D:5)
  2 howler monkeys
  A hound (D:7)
  4 gnolls
  An adder (D:5)
  2 goblins (D:8)
  2 kobolds (D:7)
28 creatures vanquished.

Vanquished Creatures (others)
  A manticore zombie (D:11)
  A cyclops zombie (D:11)
  A wyvern zombie (D:7)
  A water moccasin zombie (D:5)
  4 centaur zombies
  6 killer bee zombies
  An ogre zombie (D:5)
  2 hound zombies (D:7)
  13 gnoll zombies
  9 goblin zombies (Bailey)
  4 hobgoblin zombies (Bailey)
  6 kobold zombies (D:7)
  17 orc zombies
  13 fungi (D:9)
  11 plants (D:9)
90 creatures vanquished.

Grand Total: 409 creatures vanquished

Table legend:
 A = Non-vault XP
 B = Vault XP
 C = Vault XP percentage of total XP
 D = Non-vault monster count
 E = Vault monster count
 F = Vault count percentage of total count
                 A         B        C        D         E       F
            +---------+---------+-------+---------+---------+-------
      Total |   12962 |    4693 |  26.6 |     216 |      99 |  31.4
            +---------+---------+-------+---------+---------+-------
        D:1 |      55 |       0 |   0.0 |      31 |       0 |   0.0
        D:2 |      35 |      78 |  69.0 |      14 |      16 |  53.3
        D:3 |      59 |       0 |   0.0 |      18 |       0 |   0.0
        D:4 |     334 |      89 |  21.0 |      16 |       9 |  36.0
        D:5 |    1299 |     454 |  25.9 |      26 |       6 |  18.8
        D:6 |     567 |    1041 |  64.7 |      18 |       4 |  18.2
        D:7 |    1776 |       0 |   0.0 |      31 |       0 |   0.0
        D:8 |     868 |     329 |  27.5 |      10 |       6 |  37.5
        D:9 |    1639 |    1245 |  43.2 |       9 |       7 |  43.8
       D:10 |    2808 |       4 |   0.1 |      20 |       2 |   9.1
       D:11 |    3522 |       0 |   0.0 |      23 |       0 |   0.0
     Bailey |       0 |    1453 | 100.0 |       0 |      49 | 100.0
            +---------+---------+-------+---------+---------+-------

Illustrated notes

Table legend:
 A = Kills in this place as a percentage of kills in entire the game.
 B = Kills by you in this place as a percentage of kills by you in the entire game.
 C = Kills by friends in this place as a percentage of kills by friends in the entire game.
 D = Other kills in this place as a percentage of other kills in the entire game.
 E = Experience gained in this place as a percentage of experience gained in the entire game.
 F = Experience gained in this place divided by the number of levels of this place that you have seen.
                   A       B       C       D       E      F
               +-------+-------+-------+-------+-------+----------------------
         Total | 100.0 | 100.0 | 100.0 |   N/A | 100.0 | 1358.1
       Dungeon |  84.4 |  83.6 |  92.9 |   N/A |  91.8 | 1472.9
        Bailey |  15.6 |  16.4 |   7.1 |   N/A |   8.2 | 1453.0
               +-------+-------+-------+-------+-------+----------------------

Table legend: (Time is in decaauts)
 A = Elapsed time spent in this place.
 B = Non-inter-level travel time spent in this place.
 C = Inter-level travel time spent in this place.
 D = Time resting spent in this place.
 E = Time spent auto-exploring this place.
 F = Levels seen in this place.
 G = Mean time per level.
                   A        B        C        D        E       F      G
               +--------+--------+--------+--------+--------+-----+--------+
         Total |  16706 |  15372 |   1334 |   4273 |   7644 |  13 | 1285.1 |
       Dungeon |  15101 |  13844 |   1257 |   3577 |   7203 |  11 | 1372.8 |
        Temple |    348 |    271 |     77 |      0 |    258 |   1 |  348.0 |
        Bailey |   1257 |   1257 |      0 |    696 |    183 |   1 | 1257.0 |
               +--------+--------+--------+--------+--------+-----+--------+

Top non-repeatable levels by time:
     D:7: 2380 daAuts
     D:5: 1834 daAuts
    D:11: 1558 daAuts
     D:1: 1400 daAuts
     D:6: 1381 daAuts
     D:2: 1343 daAuts
     D:4: 1296 daAuts
  Bailey: 1257 daAuts
    D:10: 1046 daAuts
     D:9: 1041 daAuts
     D:8: 913 daAuts
     D:3: 903 daAuts
  Temple: 348 daAuts
